 Dungeon Crawl Stone Soup version 0.23-a0-375-g66a18ee (webtiles) character file.

448 Cryolive the Digger (level 7, -2/39 HPs)
             Began as a Gargoyle Earth Elementalist on Oct 26, 2018.
             Slain by an ogre
             ... wielding a +0 giant club
              (24 damage)
             ... on level 5 of the Dungeon.
             The game lasted 00:13:47 (4134 turns).

Cryolive the Digger (Gargoyle Earth Elementalist)   Turns: 4134, Time: 00:13:48

Health: -2/39      AC: 10    Str: 12    XL:     7   Next: 4%
Magic:  12/12      EV: 12    Int: 17    God:
Gold:   176        SH:  0    Dex: 12    Spells: 4/13 levels left

rFire    . . .     SeeInvis .   n - +4 quarterstaff (chaos)
rCold    . . .     Gourm    .   (shield currently unavailable)
rNeg     + . .     Faith    .   x - +0 robe (curse)
rPois    ∞         Spirit   .   (no helmet)
rElec    +         Reflect  .   w - +0 cloak
rCorr    .         Harm     .   o - +1 pair of gloves
MR       .....                  (no boots)
Stlth    ++........             (no amulet)
HPRegen  0.13/turn              r - ring of wizardry
MPRegen  0.13/turn              s - +2 ring of dexterity

@: no status effects
A: negative energy resistance 1, electricity resistance, unbreathing,
petrification resistance, rot immunity, AC +4
a: no special abilities


You were on level 5 of the Dungeon.
You were not hungry.

You visited 1 branch of the dungeon, and saw 5 of its levels.

You collected 176 gold pieces.

Inventory:

Hand Weapons
 m - a cursed -1 mace
 n - a +4 quarterstaff of chaos (weapon)
Missiles
 b - 126 stones (quivered)
Armour
 c - a +0 robe
 o - a +1 pair of gloves (worn)
 w - a +0 cloak (worn)
 x - a cursed +0 robe (worn)
Jewellery
 r - a ring of wizardry (left hand)
 s - a +2 ring of dexterity (right hand)
Wands
 f - a wand of disintegration (15)
 y - a wand of enslavement (16)
Scrolls
 g - 4 scrolls of identify {unknown}
 j - 3 scrolls of enchant armour {unknown}
 k - 2 scrolls of fog {unknown}
 l - 3 scrolls of teleportation {unknown}
 p - a scroll of random uselessness {unknown}
 t - a scroll of enchant weapon {unknown}
 u - 2 scrolls of remove curse {unknown}
 v - a scroll of magic mapping {unknown}
Potions
 a - a potion of haste {unknown}
 e - 3 potions of might {unknown}
 h - a potion of resistance {unknown}
 i - a potion of agility {unknown}
 q - 2 potions of heal wounds {unknown}
 z - a potion of curing {unknown}
Comestibles
 d - 6 rations


   Skills:
 + Level 1.7 Fighting
 + Level 1.1 Staves
 + Level 1.8 Armour
 + Level 2.2 Dodging
 - Level 2.1 Stealth
 + Level 3.8 Spellcasting
 + Level 2.9 Conjurations
   Level 0.7 Transmutations
 + Level 5.7 Earth Magic


You had 4 spell levels left.
You knew the following spells:

 Your Spells              Type           Power        Failure   Level  Hunger
a - Sandblast             Erth           ###...       1%          1    None
b - Stone Arrow           Conj/Erth      ###...       3%          3    ###....
c - Lee's Rapid Deconstr  Erth           ###.......   16%         5    ######.

Your spell library contained the following spells:

 Spells                   Type           Power        Failure   Level  Hunger
 Passwall                 Tmut/Erth      ##......     2%          2    ##.....
 Petrify                  Tmut/Erth      ##......     16%         4    ####...


Dungeon Overview and Level Annotations

Branches:
Dungeon (5/15)
 Temple: D:4-7

Altars:
Dithmenos
Fedhas
Hepliaklqana
Makhleb
Qazlal
Ru

Shops:
D:5 *


Innate Abilities, Weirdness & Mutations

You are resistant to torment.
Your stone body is resilient. (AC +4)
You are immune to poison.
You resist negative energy. (rN+)
You are resistant to electric shocks. (rElec)
You can survive without breathing.
You are immune to petrification.
You are immune to rotting.


Message History

Found Tyunoem's Assorted Antiques.
You now have 176 gold pieces (gained 11).
Found a stone staircase leading down.
There is an entrance to Tyunoem's Assorted Antiques here.
An ogre comes into view. It is wielding a +0 giant club.
You see here a wand of disintegration (15).
An ogre is nearby!
f - a wand of disintegration (15)
You see here 18 stones.
b - 126 stones (gained 18)
The ogre shouts!
Casting: Sandblast (safe; 1% risk of failure)
Confirm with . or Enter, or press ? or * to list all spells.
You can't see any susceptible monsters within range! (Use Z to cast anyway.)
You barely miss the ogre. The ogre hits you with a +0 giant club!
You sock the ogre! You freeze the ogre.
The ogre is moderately wounded.
The ogre hits you with a +0 giant club!!
Ouch! That really hurt!
You die...

#.........#
##.##......#
#..........#
#.##.......#
#.##.......#
#8###.####.# #
####.###....#.#
##.##.###.8.∩.8.###.###
......O@............#
#.......>.##8.#######
#.........##..#
#.........#####
#.........# ###########


You could see an ogre.

Vanquished Creatures
  A bullfrog (D:4)
  Crazy Yiuf (D:3)
  2 orc priests
  3 orc wizards
  A bullfrog skeleton (D:4)
  2 worker ants (D:4)
  4 adders
  An ooze (D:4)
  An adder skeleton (D:4)
  3 worms (D:2)
  2 dart slugs
  A leopard gecko (D:2)
  20 orcs
  5 bats
  3 giant cockroaches
  8 goblins
  2 hobgoblins
  2 jackals (D:3)
  A quokka (D:2)
  2 frilled lizards (D:2)
  6 kobolds
  3 rats
74 creatures vanquished.

Notes
Turn   | Place    | Note
-------+----------+-------------------------------------------
     0 | D:1      | Cryolive the Gargoyle Earth Elementalist began the quest
                  | for the Orb.
     0 | D:1      | Reached XP level 1. HP: 10/10 MP: 3/3
   426 | D:1      | Reached XP level 2. HP: 15/15 MP: 5/5
   515 | D:1      | Reached skill level 4 in Earth Magic
   875 | D:2      | Found a stormy altar of Qazlal.
  1000 | D:2      | Reached XP level 3. HP: 14/19 MP: 7/7
  1005 | D:2      | Learned a level 3 spell: Stone Arrow
  1175 | D:2      | Reached skill level 1 in Conjurations
  1175 | D:2      | Reached XP level 4. HP: 14/24 MP: 3/8
  1179 | D:2      | Reached skill level 5 in Earth Magic
  1615 | D:2      | Reached XP level 5. HP: 28/28 MP: 9/9
  1790 | D:2      | Found a sacrificial altar of Ru.
  1792 | D:2      | Found a hazy altar of Hepliaklqana.
  2029 | D:3      | Found a burning altar of Makhleb.
  2029 | D:3      | Found a shadowy altar of Dithmenos.
  2257 | D:3      | Learned a level 5 spell: Lee's Rapid Deconstruction
  2588 | D:3      | Found a blossoming altar of Fedhas.
  2658 | D:3      | Found a runed door.
  3098 | D:3      | Noticed Crazy Yiuf
  3102 | D:3      | Killed Crazy Yiuf
  3198 | D:4      | Reached skill level 1 in Armour
  3198 | D:4      | Reached XP level 6. HP: 33/33 MP: 4/11
  3200 | D:4      | Reached skill level 1 in Fighting
  3585 | D:4      | Reached skill level 1 in Staves
  3661 | D:4      | Reached XP level 7. HP: 23/38 MP: 7/12
  4101 | D:5      | Entered Level 5 of the Dungeon
  4119 | D:5      | Found Tyunoem's Assorted Antiques.
  4134 | D:5      | Slain by an ogre

Vault maps used:
D:1:      minmay_arrival_stone_box
D:2:      nicolae_qazlal_general_emergency, nicolae_overflow_hidden_temple,
          first_ration
D:3:      gammafunk_temple_overflow_pools, lemuel_doored_altar,
          uniq_crazy_yiuf_cottage
D:5:      serial_shops, nicolae_shop_statue_plus

Skill      XL: |  1  2  3  4  5  6 |
---------------+-------------------+-----
Earth Magic    | 4 5 |  5.7
Spellcasting   | 3 |  3.8
Conjurations   | 1 2 |  2.9
Armour         | 1 |  1.8
Fighting       | 1 |  1.7
Dodging        | 2 |  2.2
Staves         | 1 |  1.1
Stealth        | |  2.1
Transmutations | |  0.7

Action                   |  1- 3 |  4- 6 |  7- 9 || total
-------------------------+-------+-------+-------++-------
Melee: Spear             |    92 |   157 |       ||   249
       Unarmed           |     7 |       |       ||     7
       Quarterstaff      |       |    24 |    14 ||    38
 Cast: Sandblast         |     8 |    14 |     4 ||    26
       Stone Arrow       |       |     9 |       ||     9
 Stab: Sleeping          |     3 |     3 |       ||     6
       Confused          |       |     1 |       ||     1
  Eat: Chunk             |     1 |     9 |     1 ||    11
Armor: Robe              |    45 |    70 |     2 ||   117
Dodge: Dodged            |    66 |   109 |     3 ||   178

Table legend:
 A = Non-vault XP
 B = Vault XP
 C = Vault XP percentage of total XP
 D = Non-vault monster count
 E = Vault monster count
 F = Vault count percentage of total count
                 A         B        C        D         E       F
            +---------+---------+-------+---------+---------+-------
      Total |     600 |      41 |   6.4 |      73 |       1 |   1.4
            +---------+---------+-------+---------+---------+-------
        D:1 |      11 |       0 |   0.0 |       7 |       0 |   0.0
        D:2 |     158 |       0 |   0.0 |      24 |       0 |   0.0
        D:3 |      97 |      41 |  29.7 |      21 |       1 |   4.5
        D:4 |     334 |       0 |   0.0 |      21 |       0 |   0.0
            +---------+---------+-------+---------+---------+-------
